 Dungeon Crawl Stone Soup version 0.28-b1-25-g9875b3fc8c (webtiles) character file.

Game seed: 12147513004358489604

140 tv1990 the Chopper (level 5, -3/42 HPs)
             Began as a Formicid Monk on Feb 4, 2022.
             Slain by an ogre (33 damage)
             ... on level 4 of the Dungeon.
             The game lasted 00:05:38 (3046 turns).

tv1990 the Chopper (Formicid Monk)                  Turns: 3046, Time: 00:05:38

Health: -3/42      AC:  6    Str: 17    XL:     5   Next: 46%
Magic:  5/5        EV: 11    Int: 10    God:
Gold:   109        SH:  5    Dex: 13    Spells: 4/4 levels left

rFire   . . .      SeeInvis +   a - +0 hand axe
rCold   . . .      Faith    .   (no shield)
rNeg    . . .      Spirit   .   k - +0 ring mail
rPois   .          Reflect  +   (helmet unavailable)
rElec   .          Harm     .   (no cloak)
rCorr   .          Rampage  .   p - +0 pair of gloves
Will    .....                   (no boots)
Stlth   +.........              f - amulet of reflection
HPRegen 0.14/turn               (no ring)
MPRegen 0.09/turn               (no ring)

@: no status effects
A: permanent stasis, dig shafts and tunnels, antennae 3, four strong arms
a: Dig, Shaft Self


You were on level 4 of the Dungeon.
You visited 1 branch of the dungeon, and saw 4 of its levels.

You collected 109 gold pieces.

Inventory:

Hand Weapons
 a - a +0 hand axe (weapon)
Armour
 b - a +0 robe
 d - a +0 leather armour
 k - a +0 ring mail (worn)
 p - a +0 pair of gloves (worn)
Jewellery
 f - an amulet of reflection (around neck)
Wands
 m - a wand of acid (12)
Scrolls
 c - 2 scrolls of identify
 g - a scroll of noise {unknown}
 j - 2 scrolls of amnesia {unknown}
 l - a scroll of teleportation {unknown}
 o - a scroll of holy word {unknown}
 q - a scroll of enchant armour {unknown}
Potions
 e - a potion of ambrosia
 h - 2 potions of berserk rage {unknown}
 i - a potion of invisibility {unknown}
 n - a potion of heal wounds {unknown}


   Skills:
 + Level 4.2 Fighting
 * Level 4.6 Axes
 + Level 2.3 Armour
 - Level 2.6 Dodging
 - Level 2.4 Stealth


You had 4 spell levels left.
You didn't know any spells.
Your spell library contained the following spells:

 Spells                   Type           Power      Damage    Failure   Level
 Ozocubu's Armour         Ice            0%         N/A       90%         3
 Ozocubu's Refrigeration  Ice            0%         4d5       100%        7


Dungeon Overview and Level Annotations

Branches:
Dungeon (4/15)
 Temple: D:4-7

Altars:
Ashenzari
Cheibriados
Gozag
Hepliaklqana
Nemelex Xobeh
Uskayaw
Vehumet
Wu Jian


Innate Abilities, Weirdness & Mutations

You cannot be hasted, slowed, berserked, paralysed or teleported.
You can dig through walls and to a lower floor.
You have a pair of large antennae on your head. (SInv)
Your four strong arms can wield two-handed weapons with a shield.


Message History

The dart slug launches a dart at you.
The slug dart hits you but does no damage.
You hit the dart slug but do no damage.
The dart slug is severely wounded.
You block the dart slug's attack.
You hit the dart slug.
You kill the dart slug!
No target in view!
Found a runed helmet.
You sense a monster nearby.
Found 20 stones and a leather armour.
You see here a +0 leather armour.
Found a robe.
You sense a monster nearby.
Found a stone staircase leading down.
An ogre comes into view. It is wielding a +0 giant spiked club.
Found 9 gold pieces.
Press: ? - help, v - describe, . - travel
Here: an ogre, wielding a +0 giant spiked club (asleep)
The floor.
Unknown command.
Unknown command.
Unknown command.
Aiming: Corrosive Bolt
Press: ? - help, Shift-Dir - straight line, f - ogre
Aim: an ogre, wielding a +0 giant spiked club (asleep, 100% to hit)
The bolt of acid hits the ogre!
The acid corrodes the ogre!
The ogre is heavily wounded.
The ogre shouts!
You barely miss the ogre.
The ogre is heavily wounded.
The ogre hits you but does no damage.
You hit the ogre.
The ogre is heavily wounded.
The ogre hits you with a +0 giant spiked club!
You hit the ogre. You punch the ogre.
The ogre is severely wounded.
The ogre hits you with a +0 giant spiked club!!
Ouch! That really hurt!
You die...

### ..# #.# #.#
#.#
#####.########>.
#.......@.......
#[#####.#O#####$
#.# #.#.# ##.##
.....
####...#.##.#.##
#..........(#.#
#.##...#.####.#
#.###...... .#
#.# ####.#.#


You could see an ogre (corroded).

Vanquished Creatures
  An orc wizard (D:3)
  A hound skeleton (D:4)
  2 adders (D:3)
  3 dart slugs
  5 orcs
  7 ball pythons
  8 endoplasms
  5 giant cockroaches
  6 goblins
  5 hobgoblins
  5 quokkas
  9 bats
  4 kobolds
  4 rats
65 creatures vanquished.

Notes
Turn   | Place    | Note
-------+----------+-------------------------------------------
     0 | D:1      | tv1990 the Formicid Monk began the quest for the Orb.
     0 | D:1      | Reached XP level 1. HP: 18/18 MP: 1/1
   132 | D:1      | Reached XP level 2. HP: 24/24 MP: 2/2
   560 | D:1      | Reached skill level 1 in Armour
   762 | D:1      | Reached XP level 3. HP: 29/29 MP: 3/3
  1759 | D:3      | Reached XP level 4. HP: 37/37 MP: 4/4
  1773 | D:3      | Found a broken altar of Ashenzari.
  1880 | D:3      | Found a radiant altar of Vehumet.
  1881 | D:3      | Found a sparkling altar of Nemelex Xobeh.
  1881 | D:3      | Found an opulent altar of Gozag.
  1881 | D:3      | Found an ornate altar of the Wu Jian Council.
  1882 | D:3      | Found a hide-covered altar of Uskayaw.
  2046 | D:3      | Reached XP level 5. HP: 36/42 MP: 5/5
  2109 | D:3      | Found a hazy altar of Hepliaklqana.
  2311 | D:3      | Found a faded altar of an unknown god.
  2498 | D:3      | Found a snail-covered altar of Cheibriados.
  3042 | D:4      | Noticed an ogre
  3046 | D:4      | Slain by an ogre

Skill      XL: |  1  2  3  4 |
---------------+-------------+-----
Armour         | 1 2 |  2.3
Axes           | 4 |  4.6
Fighting       | 4 |  4.2
Dodging        | |  2.6
Stealth        | |  2.4

Action                   |  1- 3 |  4- 6 || total
-------------------------+-------+-------++-------
Melee: Hand axe          |   115 |    91 ||   206
       Punch             |     2 |     1 ||     3
Evoke: Wand              |       |     1 ||     1
  Use: Scroll            |       |     1 ||     1
 Stab: Sleeping          |    10 |     2 ||    12
Armor: Leather armour    |    25 |       ||    25
       Ring mail         |     7 |    19 ||    26
Dodge: Dodged            |    60 |    38 ||    98
Block: Other             |    22 |    19 ||    41
       Reflection        |     1 |     1 ||     2

Levels and vault maps discovered:
D:1:      sevenhm_arrival_forest_fort_small_3, layout_basic
D:2:      layout_rooms, minmay_misc_feat_hallway
D:3:      layout_loops_cross, mainiacjoe_overflow_small_starburst,
          mainiacjoe_overflow_brackets, grunt_temple_overflow_open,
          nicolae_ashenzari_panopticon,
          dreamdust_ecumenical_altar_angels_and_demons, amethyst_killhole,
          minmay_misc_feat_cross, amcnicky_mini_rare_corridor_liquid,
          minmay_strange_pillars
D:4:      layout_loops_ring, minmay_temple_entry_wispy,
          small_statue_intersection, minmay_door_square, serial_bayou_pond_e
